 Dungeon Crawl Stone Soup version 0.27.0-1-g7a089689b8 (webtiles) character file.

Game seed: 14340443616755601013

25 sanka the Ducker (level 2, 17/17 HPs)
             Began as a Deep Elf Gladiator on Aug 3, 2021.
             Was a Follower of Elyvilon.
             Quit the game on level 1 of the Dungeon.
             The game lasted 00:01:02 (963 turns).

sanka the Ducker (Deep Elf Gladiator)                Turns: 963, Time: 00:01:02

Health: 17/17      AC:  4    Str: 11    XL:     2   Next: 82%
Magic:  4/4        EV: 13    Int: 12    God:    Elyvilon [*.....]
Gold:   21         SH:  0    Dex: 16    Spells: 1/1 levels left

rFire    . . .     SeeInvis .   a - +0 quarterstaff
rCold    . . .     Faith    .   (shield currently unavailable)
rNeg     . . .     Spirit   .   b - +0 leather armour
rPois    .         Reflect  .   c - +0 helmet
rElec    .         Harm     .   (no cloak)
rCorr    .         Rampage  .   (no gloves)
Will     .....                  (no boots)
Stlth    +.........             (no amulet)
HPRegen  0.05/turn              (no ring)
MPRegen  0.09/turn              (no ring)

@: no status effects
A: no striking features
a: Renounce Religion, Lesser Healing, Divine Protection


You were on level 1 of the Dungeon.
You worshipped Elyvilon.
Elyvilon was aware of your devotion.
You visited 1 branch of the dungeon, and saw 1 of its levels.

You collected 21 gold pieces.


   Skills:
 + Level 2.2 Fighting
 - Level 3.0 Staves
 - Level 2.0 Throwing
 + Level 4.3 Dodging


You had one spell level left.
You didn't know any spells.
Your spell library contained the following spells:

 Spells                   Type           Power      Damage    Failure   Level
 Apportation              Tloc           0%         N/A       41%         1
 Alistair's Intoxication  Tmut/Pois      0%         N/A       100%        5
 Invisibility             Hex            0%         N/A       100%        6

Inventory:

Hand Weapons
 a - a +0 quarterstaff (weapon)
Missiles
 d - 3 throwing nets (quivered) {=f}
Armour
 b - a +0 leather armour (worn)
 c - a +0 helmet (worn)
 g - a +1 helmet
Scrolls
 f - a scroll of enchant armour {unknown}
Potions
 e - a potion of haste {unknown}
 h - a potion of curing {unknown}

Dungeon Overview and Level Annotations

Branches:
Dungeon (1/15)

Altars:
Elyvilon

▒▒▒▒▒ ▒..8▒ ▒▒▒▒▒...▒▒▒
▒▒..8...8.8▒▒▒▒▒▒▒▒▒▒▒▒▒
.......e................
▒▒....8...8▒▒▒▒▒▒▒▒▒....
▒......)....... ▒....
+..(.8......... ▒....
▒........(.....▒ ▒▒▒▒▒
▒..............▒
▒..............▒
▒.▒▒▒.▒▒.▒▒▒▒▒▒▒ ▒. ▒.
..


There were no monsters in sight!


Message History

No target in view!
No target in view!
No target in view!
No target in view!
No target in view!
No target in view!
No target in view!
No target in view!
No target in view!
You start resting.
HP restored.
Items here: ††††.
Found a faded altar of an unknown god.
A kobold comes into view. It is wielding a +0 club.
The kobold shouts!
Found 14 sling bullets and 14 stones.
The kobold closely misses you.
You hit the kobold but do no damage. The kobold closely misses you.
You sock the kobold!
You kill the kobold!
Things that are here:
a +0 club; a kobold corpse
There is a faded altar of an unknown god here.
You cannot tell which god this altar belongs to.
Convert to them anyway?
Elyvilon accepts your prayer! Elyvilon welcomes you!
You can now provide lesser healing for yourself.
You can now call on Elyvilon to save your life.
Are you sure you want to abandon this character and quit the game? (Confirm with "yes".)

Action                   || total
-------------------------++-------
Melee: Quarterstaff      ||    71
Armor: Leather armour    ||    17
Dodge: Dodged            ||    71

Levels and vault maps discovered:
D:1:      eino_arrival_cavern_e, layout_basic, ebering_ecumenical_altar_ruins,
          serial_glass, glass_columns_a, glass_columns_a

Notes
Turn   | Place    | Note
-------+----------+-------------------------------------------
     0 | D:1      | sanka the Deep Elf Gladiator began the quest for the Orb.
     0 | D:1      | Reached XP level 1. HP: 12/12 MP: 3/3
   537 | D:1      | Reached skill level 4 in Dodging
   537 | D:1      | Reached XP level 2. HP: 13/17 MP: 4/4
   539 | D:1      | Reached skill level 2 in Fighting
   949 | D:1      | Found a faded altar of an unknown god.
   962 | D:1      | Became a worshipper of Elyvilon the Healer
   962 | D:1      | Reached * piety under Elyvilon
   963 | D:1      | Quit the game

Vanquished Creatures
  A ball python (D:1)
  4 bats (D:1)
  An endoplasm (D:1)
  2 giant cockroaches (D:1)
  2 hobgoblins (D:1)
  4 jackals (D:1)
  2 quokkas (D:1)
  4 frilled lizards (D:1)
  2 kobolds (D:1)
22 creatures vanquished.
